 Dungeon Crawl Stone Soup version 0.32-a0-938-g40ac7a0f4d (webtiles) character file.

Game seed: 13383730045510781798

139 Dirtsage the Chiller (level 5, 23/35 HPs)
             Began as a Demonspawn Ice Elementalist on Apr 15, 2024.
             Quit the game on level 3 of the Dungeon.
             The game lasted 00:04:33 (2285 turns).

Dirtsage the Chiller (Demonspawn Ice Elementalist)  Turns: 2285, Time: 00:04:33

Health: 23/35      AC:  5    Str:  8    XL:     5   Next: 1%
Magic:  9/9        EV:  9    Int: 17    God:
Gold:   139        SH:  0    Dex: 16    Spells: 8/9 levels left

rFire   . . .        j - +0 dagger (venom)
rCold   . . .        (no shield)
rNeg    . . .        e - +0 ring mail
rPois   .            (helmet restricted)
rElec   .            (no cloak)
rCorr   .            (no gloves)
SInv    .            (no boots)
Will    .....        (no amulet)
Stlth   +++          d - +4 ring of slaying
HPRegen 0.25/turn    (no ring)
MPRegen 0.11/turn

%: no passive effects
@: no status effects
A: horns 2, thin skeletal structure 1
a: no special abilities


You were on level 3 of the Dungeon.
You visited 1 branch of the dungeon, and saw 3 of its levels.

You collected 139 gold pieces.

Inventory:

Hand Weapons
 j - a +0 dagger of venom (weapon)
Armour
 a - a +0 robe
 e - a +0 ring mail (worn)
Jewellery
 d - a +4 ring of slaying (left hand)
Scrolls
 g - a scroll of poison {unknown}
 i - a scroll of vulnerability {unknown}
 k - 4 scrolls of amnesia {unknown}
 m - a scroll of identify {unknown}
Potions
 b - a potion of magic
 c - 2 potions of attraction {unknown}
 f - a potion of haste {unknown}
 h - a potion of curing {unknown}
 l - a potion of mutation {unknown}
 n - a potion of lignification {unknown}


   Skills:
 + Level 2.7 Dodging
 + Level 3.0 Stealth
 + Level 2.9 Spellcasting
 + Level 4.2 Ice Magic


You had 8 spell levels left.
You knew the following spells:

 Your Spells              Type           Power      Damage    Failure   Level
a - Freeze                Ice            68%        1d8       10%         1

Your spell library contained the following spells:

 Spells                   Type           Power      Damage    Failure   Level
 Frozen Ramparts          Ice            34%        1d6       28%         3
 Ozocubu's Armour         Ice            17%        N/A       28%         3
 Summon Ice Beast         Ice/Summ       9%         N/A       56%         3
 Mercury Vapours          Alch/Air       4%         N/A       63%         2
 Mephitic Cloud           Conj/Alch/Air  2%         N/A       86%         3
 Freezing Cloud           Conj/Ice/Air   3%         6-21      100%        5


Dungeon Overview and Level Annotations

Branches:
Dungeon (3/15)

Altars:


Innate Abilities, Weirdness & Mutations

You have a pair of horns on your head.
You have a somewhat thin skeletal structure. (Dex +2, Stealth+)


Message History

a flux talisman; 7 stones
There is a stone staircase leading down here.
You enter the shallow water.
Moving in this stuff is going to be slow.
A kobold comes into view. It is wielding a +0 whip.
The kobold shouts!
You hear a shout!
An orc comes into view. It is wielding a +0 short sword.
The orc barely misses you. The kobold closely misses you.
You hit the orc but do no damage.
The orc is poisoned.
Your headbutt misses the orc. The kobold hits you with a +0 whip.
The orc misses you.
You take 3 damage, and have 27/30 hp.
You hit the orc but do no damage.
The orc is lightly wounded.
The orc hits you but does no damage. The kobold barely misses you.
You hit the orc.
The orc looks as sick as possible!
The orc is severely wounded.
The orc hits you with a +0 short sword. The kobold hits you with a +0 whip.
You take 4 damage, and have 23/30 hp.
You barely miss the orc. Your headbutt misses the orc.
The orc is almost dead.
You kill the orc!
The kobold hits you with a +0 whip.
You have reached level 5!
Your demonic ancestry asserts itself...
The horns on your head grow some more.
You regained 3 hp, and now have 26/35 hp.
MP restored: 9 You hit the kobold but do no damage.
The kobold is poisoned.
The kobold hits you with a +0 whip.
You take 3 damage, and have 23/35 hp.
You are too injured to fight recklessly!
You are too injured to fight recklessly!
You are too injured to fight recklessly!
You barely miss the kobold. You headbutt the kobold.
You kill the kobold!
Your Stealth skill increases to level 3!
Things that are here:
a +0 whip; 3 stones; a kobold corpse Are you sure you want to abandon this character and quit the game? (Confirm with "yes".)

#...#.#.#.#.#.#.#.#.#.#.#.#
####.#.#.#.#.#.#.#.#.#.#.#.
##..###.###.###.###.###.###
#######..#.#.#.#(#.#.#.#.#.#.#.#.
..#.......#.#.#.#.#.#.#.#.#.#.#.#
#.#......########################
..#......#
.........############### ## ###
................@....... ...>#
......#<#######.######## #.#.#
......#%# #).....# #####.#.#
........# #........ ........#
.....#..# #......## #.#..
.....#..# #.####.# #.#.#
.....#..## #.# # #.#.# ###'##...#
#.# #.... #......######.#
#######..


There were no monsters in sight!

Vanquished Creatures
  A scorpion (D:3)
  2 adders
  A ribbon worm (D:2)
  3 dart slugs
  An orc (D:3)
  5 endoplasms
  2 giant cockroaches
  7 goblins
  3 hobgoblins
  4 jackals
  6 kobolds
  A quokka (D:2)
  3 ball pythons (D:1)
  4 bats
  5 frilled lizards
  5 rats
53 creatures vanquished.

Notes
Turn   | Place    | Note
-------+----------+-------------------------------------------
     0 | D:1      | Dirtsage the Demonspawn Ice Elementalist began the quest
                  | for the Orb.
     0 | D:1      | Reached XP level 1. HP: 13/13 MP: 3/3
     8 | D:1      | Noticed an electric eel
   286 | D:1      | You fall into a shaft and drop 1 floor!
   332 | D:2      | Gained mutation: You have a somewhat thin skeletal
                  | structure. (Dex +2, Stealth+) [demonic ancestry]
   332 | D:2      | Reached XP level 2. HP: 11/19 MP: 3/5
   830 | D:1      | Gained mutation: You have a pair of small horns on your
                  | head. [demonic ancestry]
   830 | D:1      | Reached XP level 3. HP: 24/24 MP: 4/6
  1299 | D:2      | Reached skill level 4 in Ice Magic
  1780 | D:3      | Reached XP level 4. HP: 30/30 MP: 7/7
  1876 | D:3      | Found a faded altar of an unknown god.
  1877 | D:3      | Noticed a great orb of eyes
  1878 | D:3      | Noticed an eye of devastation
  1879 | D:3      | Noticed a shining eye
  1879 | D:3      | Noticed a shining eye
  2067 | D:3      | Noticed a scorpion
  2070 | D:3      | Killed a scorpion
  2282 | D:3      | Gained mutation: You have a pair of horns on your head.
                  | [demonic ancestry]
  2282 | D:3      | Reached XP level 5. HP: 26/35 MP: 9/9
  2285 | D:3      | Quit the game

Illustrated notes

Levels and vault maps discovered:
D:1:      arrival_aquarium_a, layout_loops_ring
D:2:      layout_loops_ring, chequers_big_river, corexii_shack
D:3:      layout_basic, hellmonk_ecumenical_altar_watching_god,
          chequers_serial_rivers_micro_a, roderic_roman_lattice

Skill      XL: |  1  2  3  4  5 |
---------------+----------------+-----
Dodging        | 2 |  2.7
Stealth        | 2 3 |  3.0
Ice Magic      | 4 |  4.2
Spellcasting   | |  2.9

Action                     |  1- 3 |  4- 6 || total
---------------------------+-------+-------++-------
  Melee: Unarmed           |    24 |       ||    24
         Dagger            |    33 |    22 ||    55
         Headbutt          |     3 |     2 ||     5
   Cast: Freeze            |    30 |       ||    30
   Stab: Sleeping          |     8 |     2 ||    10
 Armour: Robe              |    12 |       ||    12
         Ring mail         |    32 |    19 ||    51
  Dodge: Dodged            |    37 |     8 ||    45

Table legend: (Time is in decaauts)
 A = Elapsed time spent in this place.
 B = Non-inter-level travel time spent in this place.
 C = Inter-level travel time spent in this place.
 D = Time resting spent in this place.
 E = Time spent auto-exploring this place.
 F = Levels seen in this place.
 G = Mean time per level.
                   A        B        C        D        E       F      G
               +--------+--------+--------+--------+--------+-----+--------+
         Total |   2298 |   2235 |     63 |      0 |   1846 |   3 |  766.0 |
       Dungeon |   2298 |   2235 |     63 |      0 |   1846 |   3 |  766.0 |
               +--------+--------+--------+--------+--------+-----+--------+

Top non-repeatable levels by time:
     D:2: 932 daAuts
     D:1: 854 daAuts
     D:3: 511 daAuts
